 Dungeon Crawl Stone Soup version 0.27.1 (webtiles) character file.

Game seed: 13528596575902154620

2 Urokeeper the Sneak (level 1, 0/16 HPs)
             Began as a Demonspawn Brigand on Aug 30, 2021.
             Slain by a giant cockroach (2 damage)
             ... on level 1 of the Dungeon.
             The game lasted 00:00:15 (44 turns).

Urokeeper the Sneak (Demonspawn Brigand)              Turns: 44, Time: 00:00:16

Health: 0/16       AC:  3    Str: 11    XL:     1   Next: 25%
Magic:  1/1        EV: 11    Int: 12    God:
Gold:   10         SH:  0    Dex: 14    Spells: 0/0 levels left

rFire    . . .     SeeInvis .   a - +2 dagger
rCold    . . .     Faith    .   (no shield)
rNeg     . . .     Spirit   .   b - +0 robe
rPois    .         Reflect  .   (no helmet)
rElec    .         Harm     .   c - +0 cloak
rCorr    .         Rampage  .   (no gloves)
Will     .....                  (no boots)
Stlth    ++........             (no amulet)
HPRegen  0.05/turn              (no ring)
MPRegen  0.07/turn              (no ring)

@: no status effects
A: no striking features
a: no special abilities


You were on level 1 of the Dungeon.
You visited 1 branch of the dungeon, and saw 1 of its levels.

You collected 10 gold pieces.

Inventory:

Hand Weapons
 a - a +2 dagger (weapon)
Missiles
 d - 8 poisoned darts (quivered)
 e - 2 curare-tipped darts
Armour
 b - a +0 robe (worn)
 c - a +0 cloak (worn)
Potions
 f - a potion of ambrosia {unknown}


   Skills:
 + Level 2.0 Fighting
 + Level 1.9 Short Blades
 + Level 1.7 Throwing
 + Level 0.8 Dodging
 + Level 3.6 Stealth


You couldn't memorise any spells.
You didn't know any spells.
Your spell library was empty.

Dungeon Overview and Level Annotations

Branches:
Dungeon (1/15)

Altars:


Message History

You are too injured to fight recklessly!
You are too injured to fight recklessly!
You are too injured to fight recklessly!
You are too injured to fight recklessly!
You are too injured to fight recklessly!
You are too injured to fight recklessly!
You are too injured to fight recklessly!
You are too injured to fight recklessly!
You are too injured to fight recklessly!
You are too injured to fight recklessly!
You are too injured to fight recklessly!
You are too injured to fight recklessly!
You are too injured to fight recklessly!
You are too injured to fight recklessly!
You are too injured to fight recklessly!
You are too injured to fight recklessly!
You are too injured to fight recklessly!
You are too injured to fight recklessly!
You are too injured to fight recklessly!
You are too injured to fight recklessly!
You are too injured to fight recklessly!
You are too injured to fight recklessly!
You are too injured to fight recklessly!
You are too injured to fight recklessly!
You are too injured to fight recklessly!
You are too injured to fight recklessly!
You are too injured to fight recklessly!
You are too injured to fight recklessly!
You are too injured to fight recklessly!
You are too injured to fight recklessly!
You are too injured to fight recklessly!
You escape the ball python's grasp.
The giant cockroach closely misses you. The giant cockroach barely misses you.
The ball python barely misses you. The ball python grabs you.
The ball python constricts you.
You escape the ball python's grasp.
The goblin hits you with a +0 dagger.
* * * LOW HITPOINT WARNING * * *
The giant cockroach bites you.
* * * LOW HITPOINT WARNING * * *
The goblin barely misses you. The giant cockroach bites you.
You die...

#....#..#.....P.....
#.####..#....P≈P....
#.# #..#...P≈≈≈P...
###.####.....P≈≈≈≈≈P..
#.......(...P≈≈≈≈≈≈≈P.
#..........P≈≈≈≈≈≈≈≈≈P
#..........####
#...$..........
###..@.........
#.#BgS.......
#.##.........
#.##†........
#.#..........
#............
#..#.........
...##......... ....
#.........


You could see a giant cockroach, a goblin and a ball python.

Vanquished Creatures
  A bat (D:1)
  A rat (D:1)
2 creatures vanquished.

Notes
Turn   | Place    | Note
-------+----------+-------------------------------------------
     0 | D:1      | Urokeeper the Demonspawn Brigand began the quest for the
                  | Orb.
     0 | D:1      | Reached XP level 1. HP: 16/16 MP: 1/1
    44 | D:1      | Slain by a giant cockroach

Illustrated notes

Levels and vault maps discovered:
D:1:      eino_arrival_druids_welcome, layout_rooms, serial_shops,
          nicolae_diamond_shop

Action                   || total
-------------------------++-------
Melee: Dagger            ||    10
Armor: Robe              ||     4
Dodge: Dodged            ||    15
